Map: Romanticide LE

Players

RiSky - Winner!

  • Race: Zerg Zerg

Ranger

  • Race: Protoss Protoss
  • League: Grandmaster

Event: DreamHack SC2 Masters 2021 Summer

VOD

Have the link to the VOD?

Description

Time

  • Played on: May 20, 2021, 5:29 a.m.
  • Length: 14:02

All games in this series

Show
View Real Time Build Order
Export as new Build Order

RiSky Zerg - Winner!

Build Orders: Hatch First 

Get SALT Encoding   

  12  0:00  Drone  
  13  0:12  Overlord  
  13  0:16  Drone  
  14  0:30  Drone  
  14  0:31  Drone  
  16  0:47  Hatchery  
  15  0:51  Drone  
  15  0:54  Drone  
  17  0:58  Drone  
  18  1:09  Extractor  
  17  1:14  Spawning Pool  
  17  1:16  Drone  
  17  1:19  Drone  
  18  1:28  Drone  
  19  1:38  Drone  
  20  1:50  Overlord  
  20  2:00  Queen  
  20  2:01  Queen, Zergling x2  
  24  2:02  Zergling x2  
  26  2:10  Drone  
  26  2:12  Drone  
  26  2:15  Metabolic Boost  
  28  2:21  Drone  
  29  2:23  Drone  
  30  2:36  Hatchery  
  29  2:40  Drone  
  29  2:43  Queen  
  32  2:49  Overlord  
  32  2:52  Drone  
  32  2:55  Drone  
  32  2:58  Drone  
  35  3:00  Drone  
  36  3:07  Spore Crawler  
  36  3:08  Zergling x2, Spore Crawler  
  37  3:14  Zergling x2  
  37  3:18  Zergling x2  
  37  3:19  Drone  
  39  3:24  Overlord  
  39  3:26  Drone  
  40  3:31  Drone  
  41  3:38  Drone x2  
  41  3:39  Spore Crawler, Overlord  
  42  3:42  Queen  
  42  3:45  Zergling x2  
  42  3:47  Drone  
  46  3:49  Drone x3  
  46  3:52  Spore Crawler  
  47  4:02  Drone  
  47  4:04  Zergling x4  
  47  4:08  Drone  
  49  4:10  Drone x2  
  49  4:14  Drone x2, Spore Crawler  
  49  4:16  Drone  
  52  4:23  Drone  
  53  4:24  Drone  
  54  4:31  Roach Warren  
  54  4:35  Drone  
  54  4:36  Drone x2, Queen  
  57  4:38  Overlord  
  57  4:41  Zergling x4  
  59  4:45  Drone  
  59  4:46  Drone x2  
  59  4:47  Drone x2  
  59  4:50  Drone  
  59  4:51  Drone  
  65  4:54  Overlord x2  
  65  5:00  Evolution Chamber  
  65  5:02  Drone x2  
  65  5:03  Lair  
  65  5:05  Drone x2  
  68  5:07  Extractor  
  68  5:08  Drone  
  68  5:09  Extractor  
  68  5:12  Drone  
  68  5:17  Drone x2  
  68  5:18  Drone x3  
  72  5:24  Drone  
  72  5:25  Drone  
  72  5:26  Drone  
  75  5:30  Drone  
  75  5:32  Drone x2  
  78  5:37  Extractor, Drone  
  78  5:39  Extractor, Drone x2  
  78  5:40  Extractor  
  78  5:42  Zergling x6  
  80  5:48  Evolution Chamber  
  79  5:53  Drone x2  
  79  5:56  Drone  
  79  5:57  Drone x2  
  79  6:00  Drone  
  79  6:01  Drone  
  79  6:03  Drone  
  81  6:04  Drone x2  
  81  6:05  Drone  
  81  6:06  Hatchery  
  81  6:07  Drone  
  85  6:11  Baneling Nest  
  85  6:12  Zerg Melee Weapons Level 1  
  85  6:14  Drone  
  85  6:15  Drone  
  84  6:19  Drone  
  84  6:23  Drone x2  
  87  6:26  Glial Reconstitution  
  87  6:28  Drone x2  
  89  6:36  Overlord x2  
  89  6:37  Overlord  
  89  6:38  Overlord x2  
  89  6:44  Overlord  
  89  6:47  Overlord x3  
  89  6:50  Overlord  
  89  6:52  Overseer  
  89  6:54  Queen, Overlord  
  89  6:56  Roach  
  89  6:58  Centrifical Hooks  
  89  6:59  Roach x2  
  98  7:01  Roach x3  
  98  7:07  Roach x4  
  110  7:13  Roach x2  
  110  7:14  Roach x3  
  120  7:18  Roach  
  120  7:19  Queen  
  120  7:22  Ravager x6  
  130  7:28  Ravager  
  130  7:29  Roach  
  133  7:31  Queen x2  
  132  7:41  Zergling x2  
  132  7:42  Zergling x14  
  127  7:49  Overseer x2  
  124  7:51  Roach  
  124  7:54  Roach x4  
  114  8:17  Pneumatized Carapace  
  114  8:19  Drone x5  
  121  8:20  Drone x6  
  121  8:33  Drone  
  121  8:34  Drone x2  
  124  8:35  Hatchery  
  124  8:38  Zergling x6  
  124  8:39  Extractor  
  125  8:42  Ravager  
  125  8:43  Roach x4  
  125  8:47  Hatchery  
  133  8:52  Roach x4  
  142  8:55  Zergling x4  
  142  8:56  Zergling x12  
  149  9:03  Zergling x4  
  149  9:09  Zergling x2  
  152  9:10  Overlord x2  
  152  9:13  Overlord  
  152  9:17  Overlord  
  152  9:19  Overlord  
  152  9:22  Overlord  
  152  9:24  Overlord x2  
  152  9:31  Overlord  
  152  9:32  Zergling x10  
  152  9:36  Infestation Pit  
  152  9:37  Zergling x4  
  158  9:42  Zergling x2  
  158  9:44  Ravager x7  
  158  9:45  Ravager x3  
  168  9:46  Zergling x4  
  168  9:53  Drone  
  168  9:54  Drone x6  
  168  9:55  Drone  
  168  9:58  Spire  
  168  9:59  Extractor  
  173  10:00  Extractor  
  173  10:02  Drone x3  
  173  10:06  Drone x4  
  178  10:10  Overseer  
  178  10:11  Drone x2  
  180  10:15  Zergling x10  
  180  10:16  Extractor  
  180  10:17  Extractor  
  180  10:18  Zergling x2  
  180  10:19  Zergling x4  
  186  10:26  Zergling x18  
  195  10:32  Zergling x6  
  198  10:35  Overseer  
  198  10:36  Hive  
  198  10:39  Zergling x4  
  200  10:46  Overlord  
  200  10:49  Overlord  
  196  10:51  Baneling x22  
  196  10:54  Zergling x4  
  196  10:55  Zergling x2  
  199  10:58  Zergling x6  
  196  11:09  Zergling x16  
  196  11:10  Zergling x10  
  183  11:13  Zergling x12  
  183  11:14  Zergling x2  
  184  11:24  Drone x2  
  183  11:31  Mutalisk x3  
  183  11:32  Mutalisk x5  
  198  11:44  Overseer  
  198  11:45  Zerg Flyer Weapons Level 1  
  198  11:48  Spore Crawler  
  198  11:49  Spore Crawler  
  198  11:52  Spine Crawler  
  198  11:53  Spine Crawler x2  
  198  11:54  Baneling x19  
  192  12:00  Zergling x2  
  192  12:01  Zergling x24  
  200  12:14  Adrenal Glands  
  200  12:17  Ultralisk Cavern  
  200  12:22  Evolution Chamber  
  188  12:37  Zergling x28  
  185  12:54  Zergling x36  
  185  12:55  Zergling x6  
  164  13:00  Roach  
  164  13:01  Roach  
  162  13:10  Roach x4  
  170  13:15  Roach x2  
  170  13:17  Baneling x10  
  173  13:23  Ravager x5  
  173  13:24  Baneling x14  
  173  13:25  Baneling  
  176  13:30  Roach x6  
  170  13:42  Ravager x6  
Show
View Real Time Build Order
Export as new Build Order

Ranger Protoss 

Build Orders: 1 Gate Expand, Oracle Opening 

Get SALT Encoding   

  12  0:00  Probe  
  13  0:12  Probe  
  14  0:20  Pylon  
  14  0:24  Probe  
  15  0:38  Probe (Chrono Boost)  
  15  0:41  Gateway  
  16  0:47  Probe (Chrono Boost)  
  16  0:48  Assimilator  
  17  0:52  Probe (Chrono Boost)  
  18  1:04  Probe  
  19  1:18  Probe  
  20  1:25  Nexus  
  20  1:35  Cybernetics Core  
  20  1:38  Probe  
  21  1:44  Assimilator  
  21  1:52  Probe  
  21  1:53  Pylon  
  22  2:04  Probe  
  23  2:09  Adept (Chrono Boost)  
  25  2:16  Probe  
  26  2:23  Stargate  
  27  2:30  Probe (Chrono Boost), Adept (Chrono Boost)  
  29  2:41  Warp Gate  
  31  2:45  Probe (Chrono Boost)  
  31  2:46  Probe (Chrono Boost)  
  31  2:50  Probe (Chrono Boost)  
  32  2:52  Adept  
  32  2:53  Probe  
  35  3:00  Probe  
  35  3:05  Probe  
  37  3:08  Oracle (Chrono Boost)  
  40  3:14  Gateway  
  40  3:16  Probe  
  40  3:17  Probe  
  41  3:20  Pylon  
  41  3:28  Probe  
  41  3:29  Probe  
  43  3:35  Void Ray (Chrono Boost)  
  43  3:40  Pylon  
  44  3:41  Probe  
  44  3:43  Probe  
  47  3:50  Adept  
  47  3:53  Probe, Pylon  
  50  4:05  Probe  
  50  4:07  Probe  
  50  4:16  Nexus  
  48  4:17  Probe, Pylon  
  48  4:20  Assimilator  
  48  4:22  Assimilator  
  49  4:33  Oracle  
  49  4:36  Probe  
  53  4:38  Adept x2  
  53  4:39  Probe  
  53  4:44  Robotics Facility  
  56  4:47  Shield Battery  
  56  4:48  Probe (Chrono Boost)  
  56  4:51  Probe (Chrono Boost)  
  57  5:00  Probe (Chrono Boost), Adept x2  
  57  5:03  Probe (Chrono Boost)  
  57  5:05  Pylon  
  57  5:06  Probe (Chrono Boost)  
  63  5:11  Gateway  
  63  5:14  Shield Battery  
  63  5:24  Gateway, Pylon  
  63  5:27  Gateway  
  63  5:28  Probe x2  
  65  5:29  Probe  
  66  6:00  Probe x2, Immortal (Chrono Boost)  
  68  6:05  Gateway  
  68  6:06  Gateway  
  65  6:19  Stalker x4  
  65  6:21  Pylon  
  65  6:22  Shield Battery  
  73  6:31  Warp Prism (Chrono Boost)  
  73  6:37  Probe x3 (Chrono Boost)  
  73  6:39  Pylon  
  78  6:40  Stalker  
  78  6:43  Sentry x4  
  78  6:46  Gateway  
  88  6:47  Gateway  
  88  6:49  Probe (Chrono Boost)  
  89  7:00  Probe (Chrono Boost)  
  89  7:01  Observer  
  90  7:02  Stalker  
  90  7:03  Stalker  
  90  7:07  Stalker x2  
  90  7:08  Pylon, Sentry, Stalker  
  103  7:09  Pylon, Zealot  
  103  7:10  Probe  
  103  7:15  Probe  
  107  7:18  Zealot  
  105  7:33  Stalker  
  105  7:34  Stalker x4  
  107  7:46  Zealot x2  
  100  8:01  Zealot x2  
  100  8:02  Zealot x3  
  94  8:10  Robotics Facility  
  82  8:13  Robotics Bay  
  82  8:19  Forge  
  66  8:24  Stalker x4  
  66  8:25  Probe (Chrono Boost), Stalker x3  
  66  8:26  Probe (Chrono Boost)  
  86  8:43  Immortal (Chrono Boost)  
  84  8:52  Adept x2  
  84  8:53  Sentry  
  84  8:54  Stalker  
  92  8:56  Probe  
  92  8:58  Assimilator  
  92  9:02  Assimilator  
  93  9:03  Zealot  
  93  9:08  Protoss Ground Weapons Level 1 (Chrono Boost), Disruptor (Chrono Boost)  
  93  9:10  Probe x2  
  93  9:11  Probe  
  93  9:12  Pylon  
  99  9:22  Probe  
  100  9:26  Twilight Council  
  100  9:29  Nexus  
  100  9:30  Pylon, Adept x2  
  104  9:33  Stalker  
  106  9:40  Disruptor  
  109  9:56  Probe x3  
  110  10:01  Photon Cannon  
  110  10:02  Photon Cannon  
  110  10:06  Blink (Chrono Boost), Stalker x3  
  110  10:07  Stalker  
  116  10:15  Observer, Stalker x2  
  116  10:16  Stalker  
  123  10:25  Stalker x2  
  127  10:28  Photon Cannon  
  127  10:39  Stalker x2  
  127  10:41  Disruptor  
  134  10:48  Stalker x2  
  134  10:49  Zealot x3  
  144  10:52  Zealot  
  142  10:59  Stalker  
  142  11:01  Probe  
  127  11:11  Protoss Ground Weapons Level 2 (Chrono Boost)  
  119  11:20  Disruptor x2 (Chrono Boost)  
  117  11:26  Probe x3  
  117  11:27  Probe  
  117  11:29  Stalker x3  
  121  11:36  Assimilator  
  121  11:38  Probe  
  112  11:40  Assimilator  
  112  11:42  Photon Cannon  
  112  11:44  Photon Cannon, Shield Battery, Stalker  
  112  11:45  Stalker x3  
  120  11:48  Stalker  
  120  12:03  Stalker x4  
  120  12:06  Disruptor (Chrono Boost)  
  128  12:13  Probe  
  132  12:16  Pylon  
  132  12:18  Photon Cannon  
  132  12:19  Shield Battery  
  132  12:23  Stalker x2  
  132  12:24  Sentry  
  132  12:28  Nexus  
  137  12:35  Stalker x3  
  137  12:36  Stalker x2  
  145  12:38  Stalker x2  
  130  12:48  Stalker x3  
  130  12:49  Stalker x4  
  91  13:05  Stalker x2  
  91  13:19  Stalker x2  
  94  13:25  Stalker x2  
Tags
 
Add a new tag
Caveats
  • Supply blocks, unpowered buildings, or Contaminate may cause inaccurate times.
  • Supply counts are checked every 10 seconds.